 Dungeon Crawl Stone Soup version 0.31-a0-219-g8d62b2e7bb (webtiles) character file.

Game seed: 13905684295834746361

67 AltDragon the Insei (level 4, -1/29 HPs)
             Began as an Octopode Transmuter on July 3, 2023.
             Slain by a kobold
             ... wielding a +0 short sword
              (2 damage)
             ... on level 1 of the Dungeon.
             The game lasted 00:04:52 (797 turns).

AltDragon the Insei (Octopode Transmuter)            Turns: 797, Time: 00:04:53

Health: -1/29      AC:  1    Str:  9    XL:     4   Next: 16%
Magic:  7/7        EV: 13    Int: 15    God:
Gold:   82         SH:  0    Dex: 14    Spells: 6/7 levels left

rFire   . .          .
                       - Unarmed
rCold   . . .        (no shield)
rNeg    . . .        (helmet restricted)
rPois   .            (no amulet)
rElec   .            (no ring)
rCorr   .            (no ring)
SInv    .            (no ring)
Will    .....        (no ring)
Stlth   +++          (no ring)
HPRegen 0.24/turn    (no ring)
MPRegen 0.10/turn    (no ring)
                     (no ring)

%: no passive effects
@: no status effects
A: almost no armour, amphibious, 8 rings, camouflage 1, gelatinous body 1,
(nimble swimmer 1), tentacles
a: no special abilities


You were on level 1 of the Dungeon.
You visited 1 branch of the dungeon, and saw 2 of its levels.

You collected 82 gold pieces.

Inventory:

Wands
 f - a wand of roots (8)
Scrolls
 b - 6 scrolls of identify {unknown}
 e - a scroll of noise {unknown}
 h - 2 scrolls of silence {unknown}
 j - a scroll of poison {unknown}
Potions
 a - a potion of lignification
 c - a potion of brilliance {unknown}
 d - 2 potions of might {unknown}
 g - 3 potions of heal wounds {unknown}
 i - a potion of curing {unknown}


   Skills:
 + Level 1.7 Fighting
 + Level 2.4 Dodging
 + Level 1.5 Stealth
 * Level 3.6 Unarmed Combat
 + Level 2.2 Spellcasting
 + Level 2.4 Transmutations


You had 6 spell levels left.
You knew the following spells:

 Your Spells              Type           Power      Damage    Failure   Level
a - Beastly Appendage     Tmut           16%        N/A       9%          1

Your spell library contained the following spells:

 Spells                   Type           Power      Damage    Failure   Level
 Wereblood                Tmut           8%         N/A       12%         2
 Spider Form              Tmut/Pois      5%         N/A       36%         3
 Ice Form                 Ice/Tmut       5%         N/A       78%         4


Dungeon Overview and Level Annotations

Branches:
Dungeon (2/15)

Altars:


Innate Abilities, Weirdness & Mutations

You cannot wear most types of armour.
You are amphibious.
You can wear up to eight rings at the same time.
Your skin changes colour to match your surroundings (Stealth+).
Your rubbery body absorbs attacks. (AC +1, EV +1)
((You are camouflaged when in or above water. (Stealth+)))
You have tentacles for arms and can constrict up to eight enemies at once.


Message History

You are too injured to fight recklessly!
You are too injured to fight recklessly!
You are too injured to fight recklessly!
You are too injured to fight recklessly!
You are too injured to fight recklessly!
You are too injured to fight recklessly!
You are too injured to fight recklessly!
You are too injured to fight recklessly!
You are too injured to fight recklessly!
You are too injured to fight recklessly!
You are too injured to fight recklessly!
You are too injured to fight recklessly!
You are too injured to fight recklessly!
There are monsters nearby!
There are monsters nearby!
You barely miss the giant cockroach. You grab the giant cockroach.
You constrict the giant cockroach. The giant cockroach bites you.
The kobold barely misses you.
The kobold hits you with a +0 short sword.
You tentacle-slap the giant cockroach.
The giant cockroach is almost dead.
You constrict the giant cockroach.
You kill the giant cockroach!
The kobold hits you with a +0 whip.
The kobold hits you with a +0 short sword.
* * * LOW HITPOINT WARNING * * *
You tentacle-slap the kobold. You grab the kobold.
The kobold is heavily wounded.
You constrict the kobold.
You tentacle-slap the kobold but do no damage.
You squeeze the kobold.
You kill the kobold!
The rat bites you.
* * * LOW HITPOINT WARNING * * *
The kobold closely misses you. x2
The rat bites you.
* * * LOW HITPOINT WARNING * * *
The kobold closely misses you.
The kobold hits you with a +0 short sword.
You die...

#.# #.# #.# #.########
#######.###.........
..........#.######## # #
.######.#.†........#
..#. ##.###...#.######.#
.....#..........######.#
.......K................
...#g@.##.#...######.#
.......rK...............
...#.#.........(##..##.#
. .. #...........#..##.#
... ....##............#
#. .............#..####
. .....................
.#######..#....#.#.###
.......#...........


You could see a goblin, 2 kobolds and a rat.

Vanquished Creatures
  3 adders (D:2)
  2 dart slugs (D:2)
  4 bats
  4 endoplasms
  4 giant cockroaches
  3 hobgoblins
  A kobold (D:1)
  A quokka (D:2)
  4 ball pythons (D:1)
  4 goblins
  3 rats
33 creatures vanquished.

Notes
Turn   | Place    | Note
-------+----------+-------------------------------------------
     0 | D:1      | AltDragon the Octopode Transmuter began the quest for the
                  | Orb.
     0 | D:1      | Reached XP level 1. HP: 13/13 MP: 3/3
   101 | D:1      | Reached XP level 2. HP: 15/18 MP: 5/5
   185 | D:1      | You fall into a shaft and drop 1 floor!
   221 | D:2      | Reached skill level 1 in Stealth
   257 | D:2      | Reached XP level 3. HP: 23/23 MP: 6/6
   647 | D:2      | Reached XP level 4. HP: 29/29 MP: 7/7
   797 | D:1      | HP: 1/29 [rat (3)]
   797 | D:1      | Slain by a kobold

Illustrated notes

Levels and vault maps discovered:
D:1:      dpeg_arrival_simpleton_b, layout_basic, kennysheep_nondescript
D:2:      layout_basic

Skill      XL: |  1  2 |
---------------+-------+-----
Stealth        | 1 |  1.5
Fighting       | |  1.7
Dodging        | |  2.4
Unarmed Combat | |  3.6
Spellcasting   | |  2.2
Transmutations | |  2.4

Action                     |  1- 3 |  4- 6 || total
---------------------------+-------+-------++-------
  Melee: Unarmed           |    56 |    15 ||    71
         Tentacles         |    15 |     4 ||    19
         Constrict         |    20 |     4 ||    24
   Stab: Sleeping          |     8 |     1 ||     9
 Armour: Skin              |     1 |       ||     1
  Dodge: Dodged            |    32 |    10 ||    42

Table legend: (Time is in decaauts)
 A = Elapsed time spent in this place.
 B = Non-inter-level travel time spent in this place.
 C = Inter-level travel time spent in this place.
 D = Time resting spent in this place.
 E = Time spent auto-exploring this place.
 F = Levels seen in this place.
 G = Mean time per level.
                   A        B        C        D        E       F      G
               +--------+--------+--------+--------+--------+-----+--------+
         Total |    792 |    790 |      2 |      0 |    590 |   2 |  396.0 |
       Dungeon |    792 |    790 |      2 |      0 |    590 |   2 |  396.0 |
               +--------+--------+--------+--------+--------+-----+--------+

Top non-repeatable levels by time:
     D:2: 521 daAuts
     D:1: 271 daAuts
